 Dungeon Crawl Stone Soup version 0.19.1 (webtiles) character file.

23 Damokl the Sneak (level 3, -1/16 HPs)
             Began as a Vine Stalker Enchanter on Nov 25, 2016.
             Slain by a gnoll
             ... wielding a +0 flail
              (6 damage)
             ... on level 1 of the Dungeon.
             The game lasted 00:09:37 (953 turns).

Damokl the Sneak (Vine Stalker Enchanter)            Turns: 953, Time: 00:09:38

Health: -1/16      AC:  3    Str: 10    XL:     3   Next: 0%
Magic:  0/7        EV: 12    Int: 15    God:
Gold:   22         SH:  0    Dex: 15    Spells: 1 memorised, 6 levels left

rFire  . . .     SeeInvis .     e - +0 dagger (speed)
rCold  . . .     Gourm    .     b - +1 robe
rNeg   . . .     Faith    .     (no shield)
rPois  .         Spirit   +     (no helmet)
rElec  .         Reflect  .     (no cloak)
rCorr  .         Harm     .     (no gloves)
MR     .....                    (no boots)
Stlth  +++.......               (no amulet)
                                (no ring)
                                (no ring)

@: no status effects
A: fangs 2, magic shield, antimagic bite, no device heal 3, rot immunity
a: no special abilities


You were on level 1 of the Dungeon.
You were not hungry.

You visited 1 branch of the dungeon, and saw 1 of its levels.

You collected 22 gold pieces.

Inventory:

Hand Weapons
 a - a +1 dagger
 e - a +0 dagger of speed (weapon)
Armour
 b - a +1 robe (worn)
Potions
 k - a potion of resistance {unknown}
Books
 c - a book of Maledictions

   Spells                             Type                      Level
   a - Corona                         Hexes                        1
   b - Ensorcelled Hibernation        Hexes/Ice                    2
   c - Confuse                        Hexes                        3
   d - Tukima's Dance                 Hexes                        3
   e - Dazzling Spray                 Conjuration/Hexes            3
Comestibles
 d - a bread ration
 g - 3 meat rations
 h - a slice of pizza


   Skills:
 - Level 0.8 Short Blades
 - Level 1.5 Dodging
 + Level 4.0 Stealth
 * Level 2.5 Spellcasting
 * Level 3.5 Hexes


You had 6 spell levels left.
You knew the following spells:

 Your Spells              Type           Power        Failure   Level  Hunger
a - Corona                Hex            ##.....      6%          1    #......


Dungeon Overview and Level Annotations

Branches:
Dungeon (1/15)

Altars:


Innate Abilities, Weirdness & Mutations

You have extremely sharp teeth.
When hurt, damage is shared between your health and your magic reserves.
Your bite disrupts and absorbs the magic of your enemies.
Potions and wands cannot restore your health.
You are immune to rotting.


Message History

The gnoll closely misses you.
You barely miss the gnoll. Your bite misses the gnoll.
The gnoll is heavily wounded.
You hit the gnoll.
The gnoll is severely wounded.
The gnoll completely misses you.
A kobold comes into view.
The kobold shouts!
You hit the gnoll but do no damage.
The gnoll is severely wounded.
The gnoll hits you with a flail!
Ouch! That really hurt!
The gnoll stops glowing.
You closely miss the gnoll.
The gnoll is severely wounded.
You barely miss the gnoll. You bite the gnoll. You drain its power.
You feel invigorated.
The gnoll is severely wounded.
The gnoll hits you with a flail!
You die...

§≈≈### #............######.....#
.§.'.# #........................
...'.# #..(.........###########.
§≈§#.# #............# #. #§§#.#
#............# #########' ≈≈##.#
#............# #......... ≈≈##.#
#######...######......... ≈###.#
#...# #............ ##
#.###########@####.#..........
#.##.......##.g....K........>.
#.##.#####.########...........
#.................#...........
#..#........###.#.#...........
#(.#........# #.#.#...........
####..#........# #.#.#...........
..##..#........# #...#.........).
..##..#........#######........)..


You could see a gnoll and a kobold.

Vanquished Creatures
  A leopard gecko (D:1)
  A bat (D:1)
  A giant cockroach (D:1)
  6 goblins (D:1)
  5 hobgoblins (D:1)
  4 kobolds (D:1)
18 creatures vanquished.

Notes
Turn   | Place    | Note
-------+----------+-------------------------------------------
     0 | D:1      | Damokl the Vine Stalker Enchanter began the quest for the Orb.
     0 | D:1      | Reached XP level 1. HP: 9/9 MP: 4/4
    79 | D:1      | Reached XP level 2. HP: 12/13 MP: 4/6
   530 | D:1      | Reached skill level 4 in Stealth
   931 | D:1      | Reached XP level 3. HP: 16/16 MP: 7/7
   953 | D:1      | Slain by a gnoll

Skill      XL: |  1  2 |
---------------+-------+-----
Stealth        | 4 |  4.0
Short Blades   | |  0.8
Dodging        | |  1.5
Spellcasting   | |  2.5
Hexes          | |  3.5

Action                   || total
-------------------------++-------
Melee: Dagger            ||    69
       Bite              ||    15
 Cast: Corona            ||     1
  Use: Scroll            ||     3
 Stab: Sleeping          ||     3
Armor: Robe              ||    11
Dodge: Dodged            ||    33
